Map: Frozen Temple

Players

torky

  • Race: Terran Terran
  • League: Diamond

llllllllllll - Winner!

  • Race: Protoss Protoss
  • League: Diamond

VOD

Have the link to the VOD?

Description

Time

  • Played on: Sept. 5, 2016, 10:12 p.m.
  • Length: 17:01
Show
View Real Time Build Order
Export as new Build Order

torky Terran 

Build Orders: MMM Bio 

Get SALT Encoding   

  12  0:01  SCV  
  13  0:13  SCV  
  14  0:18  Supply Depot  
  14  0:25  SCV  
  15  0:39  SCV  
  16  0:46  Barracks  
  16  0:54  SCV  
  17  1:06  SCV  
  17  1:08  Barracks  
  18  1:20  SCV  
  19  1:26  Barracks  
  19  1:38  Bunker  
  19  1:39  Marine  
  20  1:42  Orbital Command  
  20  1:57  Marine  
  20  2:01  Marine  
  22  2:12  Bunker  
  22  2:14  Marine  
  22  2:26  Marine  
  22  2:28  Marine  
  19  2:31  SCV  
  19  2:32  Marine  
  21  2:43  Marine  
  19  2:46  Marine  
  19  2:51  Marine  
  18  3:14  Marine  
  18  3:15  SCV  
  19  3:27  Marine x2, SCV  
  21  3:35  Marine  
  21  3:39  SCV  
  23  4:02  Supply Depot  
  23  4:15  Refinery  
  23  4:17  Refinery  
  23  4:23  Marine x3, SCV  
  27  4:35  SCV  
  27  4:36  Supply Depot  
  28  4:41  Marine  
  29  4:48  Marine, SCV  
  31  4:55  Supply Depot  
  31  4:57  Barracks Tech Lab  
  31  5:00  SCV  
  31  5:03  Marine, Supply Depot  
  32  5:12  SCV  
  33  5:16  Factory  
  33  5:25  Marauder  
  35  5:29  SCV  
  36  5:42  SCV  
  37  5:48  Marine  
  40  5:54  SCV  
  39  5:59  Marine  
  39  6:02  Barracks Tech Lab  
  40  6:06  Marine, SCV  
  40  6:07  Supply Depot  
  42  6:13  Siege Tank  
  42  6:18  Marine, SCV  
  47  6:24  Stimpack  
  47  6:30  SCV  
  47  6:31  Supply Depot  
  48  6:35  Marauder  
  50  6:42  SCV  
  51  6:49  Marine x2  
  53  6:54  SCV  
  53  6:58  Supply Depot  
  53  7:00  Siege Tank  
  57  7:08  Starport  
  57  7:11  SCV  
  58  7:26  Marauder  
  58  7:27  Marine x2  
  58  7:28  SCV  
  46  8:12  Marine x2  
  43  8:13  Marauder  
  43  8:19  Medivac, Supply Depot  
  49  8:29  Supply Depot  
  49  8:30  Siege Tank, Marine x2, Command Center  
  54  8:34  Marine  
  54  8:38  SCV  
  56  8:48  Marine x2  
  54  8:50  SCV  
  54  8:52  Marine  
  56  8:56  Combat Shields, Supply Depot  
  50  9:06  Marine x2  
  49  9:15  Medivac  
  49  9:16  Supply Depot  
  51  9:20  SCV, Marauder  
  54  9:25  Siege Tank  
  57  9:32  Engineering Bay  
  57  9:33  Marine x2  
  57  9:36  SCV  
  60  9:48  SCV  
  60  9:49  Orbital Command  
  60  9:51  Marauder  
  63  10:07  Barracks Tech Lab  
  63  10:08  SCV  
  63  10:11  Siege Tank  
  63  10:13  Marauder  
  63  10:25  SCV x2  
  65  10:31  Missile Turret  
  64  10:41  SCV  
  65  10:50  SCV  
  65  10:55  Missile Turret  
  65  11:02  Marauder  
  67  11:06  SCV x2  
  69  11:14  Concussive Shells  
  69  11:15  Terran Infantry Weapons Level 1  
  69  11:24  SCV x2  
  71  11:30  Marauder  
  71  11:31  Marauder  
  75  11:54  Command Center  
  75  11:55  SCV x2  
  75  11:57  Marine, Marauder  
  59  12:16  Marine, Marauder  
  59  12:19  Marine  
  55  12:34  Barracks Reactor  
  55  12:37  Marine x2  
  55  12:41  Barracks  
  55  12:43  Barracks  
  57  12:45  SCV  
  57  12:46  SCV  
  59  12:54  Marine, Medivac  
  59  12:55  Marine  
  63  13:00  Siege Tank  
  63  13:04  SCV  
  67  13:09  SCV  
  68  13:13  Marauder, Orbital Command  
  68  13:17  Terran Infantry Armor Level 1  
  68  13:19  SCV  
  71  13:22  SCV  
  72  13:27  Medivac  
  72  13:29  Barracks Reactor  
  72  13:30  Marine, Barracks Reactor  
  72  13:31  Marine  
  72  13:32  Marine  
  72  13:34  SCV  
  78  13:35  SCV  
  78  13:40  SCV  
  80  13:44  Supply Depot  
  80  13:46  Marauder  
  84  13:50  Siege Tank  
  84  13:52  Marine x2  
  84  13:53  Marine  
  84  13:54  SCV  
  90  13:55  SCV  
  90  13:57  Medivac, SCV  
  93  14:05  Armory  
  93  14:06  SCV  
  93  14:07  Marine  
  95  14:11  Marine x3  
  95  14:12  Marine x3  
  95  14:13  SCV x2  
  95  14:16  Marauder  
  105  14:19  Supply Depot  
  105  14:25  Marine  
  105  14:29  Marine x2  
  105  14:30  Marine x4  
  91  14:37  Marine  
  84  14:42  Marine  
  81  14:47  Marine x3  
  81  14:48  Marine x2  
  79  14:54  Marine  
  79  14:55  Marine  
  75  15:00  Marine  
  75  15:05  Marine x4  
  75  15:06  Marine  
  69  15:11  Marine  
  69  15:13  Marine  
  63  15:14  Viking  
  63  15:18  Marine  
  53  15:23  Marine x3  
  53  15:24  Marine  
  52  15:30  Marine  
  51  15:39  Marine x2  
  51  15:42  Marine  
  42  15:52  Marine  
  42  15:53  Marine x2  
  42  15:56  Marine  
  39  16:00  Marine  
  38  16:12  Orbital Command  
  38  16:15  Marine  
Show
View Real Time Build Order
Export as new Build Order

llllllllllll Protoss - Winner!

Build Orders:  

Get SALT Encoding   

  12  0:01  Probe (Chrono Boost)  
  13  0:11  Probe (Chrono Boost)  
  14  0:22  Probe (Chrono Boost)  
  14  0:25  Pylon  
  15  0:40  Pylon  
  15  0:43  Probe (Chrono Boost)  
  16  0:58  Gateway  
  16  1:00  Gateway  
  16  1:11  Gateway  
  16  1:27  Forge  
  16  1:34  Pylon  
  16  1:46  Zealot  
  18  1:47  Zealot  
  20  2:00  Pylon  
  20  2:02  Zealot  
  22  2:09  Zealot  
  22  2:15  Zealot  
  26  2:23  Photon Cannon  
  24  2:30  Zealot  
  24  2:43  Photon Cannon  
  24  2:45  Zealot  
  18  3:14  Probe (Chrono Boost)  
  18  3:16  Gateway  
  18  3:18  Assimilator  
  18  3:20  Zealot  
  18  3:24  Assimilator  
  18  3:26  Probe (Chrono Boost)  
  19  3:38  Probe (Chrono Boost)  
  20  3:49  Probe (Chrono Boost)  
  21  3:58  Pylon  
  21  4:00  Probe (Chrono Boost)  
  22  4:10  Probe (Chrono Boost)  
  23  4:17  Nexus  
  23  4:21  Probe (Chrono Boost)  
  24  4:25  Photon Cannon  
  24  4:35  Photon Cannon  
  24  4:45  Photon Cannon  
  22  4:55  Photon Cannon  
  23  5:00  Probe (Chrono Boost)  
  23  5:04  Pylon  
  23  5:10  Probe (Chrono Boost)  
  24  5:17  Cybernetics Core  
  24  5:30  Probe x2 (Chrono Boost)  
  26  5:37  Pylon  
  26  5:40  Probe x2 (Chrono Boost)  
  28  5:48  Assimilator  
  28  5:49  Assimilator  
  28  5:51  Probe x2 (Chrono Boost)  
  30  6:00  Robotics Facility  
  30  6:04  Probe (Chrono Boost)  
  30  6:09  Mothership Core (Chrono Boost)  
  33  6:15  Probe (Chrono Boost)  
  35  6:25  Probe (Chrono Boost)  
  35  6:28  Probe (Chrono Boost), Stalker  
  38  6:36  Probe (Chrono Boost), Pylon  
  38  6:38  Probe (Chrono Boost)  
  40  6:44  Pylon  
  40  6:53  Robotics Bay  
  40  6:55  Probe x2 (Chrono Boost)  
  40  6:57  Observer  
  40  6:58  Stalker  
  45  7:05  Probe (Chrono Boost)  
  45  7:06  Probe (Chrono Boost)  
  47  7:16  Probe (Chrono Boost)  
  47  7:22  Gateway  
  48  7:27  Pylon  
  48  7:28  Stalker  
  54  7:46  Photon Cannon, Colossus  
  34  8:14  Stalker x2  
  34  8:18  Pylon  
  38  8:21  Pylon  
  38  8:29  Pylon  
  38  8:31  Stargate  
  38  8:49  Stalker x2  
  38  9:10  Colossus  
  38  9:11  Oracle  
  47  9:21  Probe (Chrono Boost)  
  48  9:34  Probe (Chrono Boost)  
  48  9:37  Probe (Chrono Boost)  
  50  9:45  Probe (Chrono Boost)  
  51  9:49  Probe (Chrono Boost)  
  52  9:54  Stalker  
  52  9:55  Probe (Chrono Boost)  
  55  10:01  Stalker  
  55  10:06  Probe (Chrono Boost)  
  58  10:37  Void Ray  
  58  10:41  Stalker x2  
  66  10:47  Pylon, Probe (Chrono Boost)  
  67  10:54  Pylon  
  67  11:00  Stargate  
  67  11:17  Stalker x2  
  71  11:24  Void Ray  
  75  11:35  Pylon  
  72  11:59  Void Ray  
  44  12:25  Void Ray  
  48  12:35  Probe (Chrono Boost)  
  48  12:36  Void Ray  
  57  12:45  Probe (Chrono Boost)  
  54  13:06  Nexus  
  54  13:08  Pylon  
  54  13:10  Void Ray  
  54  13:18  Void Ray  
  63  13:28  Probe (Chrono Boost)  
  63  13:33  Probe (Chrono Boost)  
  64  13:40  Probe (Chrono Boost)  
  65  13:48  Void Ray  
  65  13:55  Void Ray  
  69  14:35  Void Ray x2  
  69  15:12  Void Ray  
  69  15:13  Void Ray  
  71  15:50  Void Ray  
  72  16:08  Void Ray  
  70  16:15  Stalker x2  
  82  16:38  Mothership Core (Chrono Boost)  
Tags
 
Add a new tag
Caveats
  • Supply blocks, unpowered buildings, or Contaminate may cause inaccurate times.
  • Supply counts are checked every 10 seconds.